 Dungeon Crawl Stone Soup version 0.26-a0-964-g69f9a3b9e2 (webtiles) character file.

Game seed: 8049745828700455043

127 karrick the Ducker (level 5, -3/43 HPs)
             Began as a Gnoll Gladiator on Dec 3, 2020.
             Slain by an orc warrior
             ... wielding a +0 dire flail
              (7 damage)
             ... on level 2 of the Dungeon.
             The game lasted 00:01:42 (1525 turns).

karrick the Ducker (Gnoll Gladiator)                Turns: 1525, Time: 00:01:42

Health: -3/43      AC:  6    Str: 17    XL:     5   Next: 11%
Magic:  7/7        EV: 15    Int: 11    God:
Gold:   128        SH:  0    Dex: 16    Spells: 6/6 levels left

rFire    . . .     SeeInvis .   a - +0 long sword
rCold    . . .     Faith    .   (no shield)
rNeg     . . .     Spirit   .   k - +0 ring mail (curse)
rPois    .         Reflect  .   c - +0 helmet
rElec    .         Harm     .   (no cloak)
rCorr    .         Rampage  .   (no gloves)
MR       .....                  (no boots)
Stlth    +.........             (no amulet)
HPRegen  0.14/turn              (no ring)
MPRegen  0.10/turn              (no ring)

@: no status effects
A: distributed training, fangs 1, strong nose
a: no special abilities


You were on level 2 of the Dungeon.
You visited 1 branch of the dungeon, and saw 2 of its levels.

You collected 128 gold pieces.

Inventory:

Hand Weapons
 a - a +0 long sword (weapon)
Missiles
 d - 3 throwing nets (quivered)
Armour
 b - a +0 leather armour
 c - a +0 helmet (worn)
 k - a cursed +0 ring mail (worn)
Wands
 q - a wand of random effects (7)
Scrolls
 f - 3 scrolls of identify {unknown}
 g - a scroll of blinking {unknown}
 h - a scroll of remove curse {unknown}
 i - a scroll of teleportation {unknown}
 m - a scroll of fog {unknown}
 n - a scroll of enchant armour {unknown}
 p - a scroll of amnesia {unknown}
Potions
 e - 2 potions of curing {unknown}
 j - a potion of berserk rage {unknown}
 l - a potion of cancellation {unknown}
 o - a potion of degeneration {unknown}
 r - a potion of mutation {unknown}


   Skills:
 + Level 4.7 Fighting
 + Level 1.3 Short Blades
 + Level 6.6 Long Blades
 + Level 1.3 Axes
 + Level 1.3 Maces & Flails
 + Level 1.3 Polearms
 + Level 1.3 Staves
 + Level 1.3 Slings
 + Level 1.3 Bows
 + Level 1.3 Crossbows
 + Level 4.7 Throwing
 + Level 1.3 Armour
 + Level 6.6 Dodging
 + Level 1.3 Stealth
 + Level 1.3 Shields
 + Level 1.3 Unarmed Combat
 + Level 1.3 Spellcasting
 + Level 1.1 Conjurations
 + Level 1.1 Hexes
 + Level 1.1 Summonings
 + Level 1.1 Necromancy
 + Level 1.1 Translocations
 + Level 1.1 Transmutations
 + Level 1.1 Fire Magic
 + Level 1.1 Ice Magic
 + Level 1.1 Air Magic
 + Level 1.1 Earth Magic
 + Level 1.1 Poison Magic
 + Level 1.5 Invocations
 + Level 1.3 Evocations


You had 6 spell levels left.
You didn't know any spells.
Your spell library was empty.

Dungeon Overview and Level Annotations

Branches:
Dungeon (2/15)

Altars:
Gozag
Xom


Innate Abilities, Weirdness & Mutations

Your experience applies equally to all skills.
You have very sharp teeth.
Your uncanny sense of smell can sniff out nearby items.


Message History

Aim: an orc warrior, wielding a +0 dire flail and wearing a +0 plate armour (moderately wounded)
The orc warrior twists and deforms.
The orc wizard casts a spell.
The orc wizard seems to speed up.
The orc warrior closely misses you.
You riposte.
You hit the orc warrior.
The orc warrior is heavily wounded.
You slash the orc warrior!
The orc warrior is almost dead.
The orc warrior closely misses you.
You barely miss the orc warrior.
The orc warrior is almost dead.
The orc wizard casts a spell.
The orc wizard flickers and vanishes!
Deactivating autopickup; reactivate with Ctrl-A.
The orc warrior hits you with a +0 dire flail!
* * * LOW HITPOINT WARNING * * *
You barely miss the orc warrior.
The orc warrior is almost dead.
The orc warrior hits you with a +0 dire flail!
You die...

#.........#
####.###### #.#
#.# #.# #.# #.#
#.##############
∆
#.......@o{o....
################
# # # # # #


You could see an orc warrior (misshapen) and an orc.

Vanquished Creatures
  Natasha (thrice) (D:2)
  An adder (D:2)
  A worm (D:2)
  A dart slug (D:1)
  A leopard gecko (D:1)
  An orc (D:2)
  3 ball pythons
  3 bats (D:2)
  3 giant cockroaches
  3 goblins
  6 hobgoblins
  2 kobolds (D:2)
  7 frilled lizards
  8 rats
43 creatures vanquished.

Notes
Turn   | Place    | Note
-------+----------+-------------------------------------------
     0 | D:1      | karrick the Gnoll Gladiator began the quest for the Orb.
     0 | D:1      | Reached XP level 1. HP: 20/20 MP: 1/1
   327 | D:1      | Reached XP level 2. HP: 26/26 MP: 2/2
   566 | D:1      | You fall into a shaft and drop 1 floor!
   566 | D:2      | Noticed Natasha
   576 | D:2      | Killed Natasha
   577 | D:2      | Reached skill level 1 in Invocations
   577 | D:2      | Reached XP level 3. HP: 15/31 MP: 2/4
   827 | D:2      | Reached skill level 1 in Short Blades
   827 | D:2      | Reached skill level 1 in Axes
   827 | D:2      | Reached skill level 1 in Maces & Flails
   827 | D:2      | Reached skill level 1 in Polearms
   827 | D:2      | Reached skill level 1 in Staves
   827 | D:2      | Reached skill level 1 in Slings
   827 | D:2      | Reached skill level 1 in Bows
   827 | D:2      | Reached skill level 1 in Crossbows
   827 | D:2      | Reached skill level 1 in Armour
   827 | D:2      | Reached skill level 1 in Stealth
   827 | D:2      | Reached skill level 1 in Shields
   827 | D:2      | Reached skill level 1 in Unarmed Combat
   827 | D:2      | Reached skill level 1 in Spellcasting
   827 | D:2      | Reached skill level 1 in Evocations
   924 | D:2      | Reached XP level 4. HP: 37/38 MP: 5/5
   982 | D:2      | Noticed Natasha
   986 | D:2      | Killed Natasha
   987 | D:2      | Reached skill level 1 in Conjurations
   987 | D:2      | Reached skill level 1 in Hexes
   987 | D:2      | Reached skill level 1 in Summonings
   987 | D:2      | Reached skill level 1 in Necromancy
   987 | D:2      | Reached skill level 1 in Translocations
   987 | D:2      | Reached skill level 1 in Transmutations
   987 | D:2      | Reached skill level 1 in Fire Magic
   987 | D:2      | Reached skill level 1 in Ice Magic
   987 | D:2      | Reached skill level 1 in Air Magic
   987 | D:2      | Reached skill level 1 in Earth Magic
   987 | D:2      | Reached skill level 1 in Poison Magic
  1240 | D:2      | Found an opulent altar of Gozag.
  1240 | D:2      | Found a shimmering altar of Xom.
  1414 | D:2      | Noticed Natasha
  1426 | D:2      | Killed Natasha
  1427 | D:2      | Reached XP level 5. HP: 32/43 MP: 5/7
  1513 | D:2      | Noticed an orc warrior
  1525 | D:2      | Slain by an orc warrior

Illustrated notes

Levels and vault maps discovered:
D:1:      doesnt_arrival_eight_statues, layout_loops_corners
D:2:      layout_basic, gammafunk_temple_overflow_elements, uniq_natasha

Skill      XL: |  1  2  3  4 |
---------------+-------------+-----
Invocations    | 1 |  1.5
Short Blades   | 1 |  1.3
Axes           | 1 |  1.3
Maces & Flails | 1 |  1.3
Polearms       | 1 |  1.3
Staves         | 1 |  1.3
Slings         | 1 |  1.3
Bows           | 1 |  1.3
Crossbows      | 1 |  1.3
Armour         | 1 |  1.3
Stealth        | 1 |  1.3
Shields        | 1 |  1.3
Unarmed Combat | 1 |  1.3
Spellcasting   | 1 |  1.3
Evocations     | 1 |  1.3
Conjurations   | 1 |  1.1
Hexes          | 1 |  1.1
Summonings     | 1 |  1.1
Necromancy     | 1 |  1.1
Translocations | 1 |  1.1
Transmutations | 1 |  1.1
Fire Magic     | 1 |  1.1
Ice Magic      | 1 |  1.1
Air Magic      | 1 |  1.1
Earth Magic    | 1 |  1.1
Poison Magic   | 1 |  1.1
Fighting       | |  4.7
Long Blades    | |  6.6
Throwing       | |  4.7
Dodging        | |  6.6

Action                   |  1- 3 |  4- 6 || total
-------------------------+-------+-------++-------
Melee: Long sword        |    66 |    35 ||   101
       Bite              |     5 |     3 ||     8
Evoke: Wand              |       |     1 ||     1
 Stab: Sleeping          |     3 |       ||     3
Armor: Leather armour    |     2 |       ||     2
       Ring mail         |    14 |     7 ||    21
Dodge: Dodged            |    53 |    25 ||    78
       Rpst.: Long sword |    16 |     8 ||    24

Table legend: (Time is in decaauts)
 A = Elapsed time spent in this place.
 B = Non-inter-level travel time spent in this place.
 C = Inter-level travel time spent in this place.
 D = Time resting spent in this place.
 E = Time spent auto-exploring this place.
 F = Levels seen in this place.
 G = Mean time per level.
                   A        B        C        D        E       F      G
               +--------+--------+--------+--------+--------+-----+--------+
         Total |   1539 |   1539 |      0 |      0 |   1280 |   2 |  769.5 |
       Dungeon |   1539 |   1539 |      0 |      0 |   1280 |   2 |  769.5 |
               +--------+--------+--------+--------+--------+-----+--------+

Top non-repeatable levels by time:
     D:2: 970 daAuts
     D:1: 568 daAuts
